[ AOE2 MATCH · #499536050 ]
UnrankedBritons vs Spanish
[ REPLAY ANALYSIS · EXTRACTED FROM THE RECORDED GAME ]
Feudal
15:30
Castle
19:07
Imperial
33:47
| APM avg | 43.2 |
| APM peak | 91 |
| eAPM avg | 23.7 |
| Villagers / military | 119 / 61 |
Focus
⚔️ 22.1% · 🌾 77.9%
Archer ×60 · Skirmisher ×1
Feudal
—
Castle
—
Imperial
—
| APM avg | 0.8 |
| APM peak | 24 |
| eAPM avg | 0.1 |
| Villagers / military | 0 / 0 |
Focus
⚔️ 0.0% · 🌾 100.0%
Feudal
15:30
Castle
21:08
Imperial
—
| APM avg | 36.8 |
| APM peak | 76 |
| eAPM avg | 18.3 |
| Villagers / military | 87 / 66 |
Focus
⚔️ 24.4% · 🌾 75.6%
Knight ×63 · Monk ×2 · Spearman ×1
Feudal
13:02
Castle
18:14
Imperial
—
| APM avg | 35.0 |
| APM peak | 101 |
| eAPM avg | 13.1 |
| Villagers / military | 91 / 85 |
Focus
⚔️ 32.0% · 🌾 68.0%
Cavalry Archer ×78 · Battering Ram ×4 · Mangonel ×2 · Monk ×1
Feudal
15:25
Castle
19:53
Imperial
40:35
| APM avg | 39.4 |
| APM peak | 70 |
| eAPM avg | 17.6 |
| Villagers / military | 122 / 45 |
Focus
⚔️ 23.7% · 🌾 76.3%
Knight ×38 · Monk ×5 · Mangonel ×1 · Scout Cavalry ×1
Feudal
14:44
Castle
20:57
Imperial
33:33
| APM avg | 31.1 |
| APM peak | 115 |
| eAPM avg | 19.9 |
| Villagers / military | 169 / 138 |
Focus
⚔️ 52.3% · 🌾 47.7%
Knight ×138
Feudal
13:45
Castle
18:41
Imperial
31:37
| APM avg | 21.7 |
| APM peak | 54 |
| eAPM avg | 15.4 |
| Villagers / military | 136 / 86 |
Focus
⚔️ 23.7% · 🌾 76.3%
Plumed Archer ×81 · Trebuchet (Packed) ×3 · Monk ×2
Feudal
16:08
Castle
21:51
Imperial
40:26
| APM avg | 27.2 |
| APM peak | 68 |
| eAPM avg | 16.6 |
| Villagers / military | 135 / 67 |
Focus
⚔️ 31.7% · 🌾 68.3%
Knight ×67
Match map
Initial resources + every placement click. Lines = walls · curves = elevation contours. ◆ gold · ⬟ stone · ● berries · ✦ relic · ◌ wall gap
Your base· Open — unwalled flank
toratoratora's base· Open — unwalled flank
The_Wanker's base· Open — unwalled flank
ACI ShaN's base· Open — unwalled flank
阿尔特留斯's base· Open — unwalled flank
Dadagama's base· Open — unwalled flank
凯里小风风's base· Open — unwalled flank
Codiman's base· Open — unwalled flank
Smoothed initial terrain · ◌ = detected wall gap · hover for details
Inputs per minute
— .Bast - - toratoratora
Build order — .Bast
First 150 of 294 actions detected
| 0:30 | Build | Lumber Camp |
| 0:33 | Build | House |
| 0:52 | Build | Town Center |
| 2:54 | Queue | Villager (Male) |
| 2:54 | Queue | Villager (Male) |
| 2:54 | Queue | Villager (Male) |
| 2:55 | Queue | Villager (Male) |
| 3:59 | Queue | Villager (Male) |
| 3:59 | Queue | Villager (Male) |
| 4:17 | Build | House |
| 4:34 | Research | Loom |
| 5:17 | Build | House |
| 5:21 | Queue | Villager (Male) |
| 5:21 | Queue | Villager (Male) |
| 5:45 | Queue | Villager (Male) |
| 5:45 | Queue | Villager (Male) |
| 5:57 | Queue | Villager (Male) |
| 5:57 | Queue | Villager (Male) |
| 6:09 | Build | House |
| 6:21 | Queue | Villager (Male) |
| 6:22 | Queue | Villager (Male) |
| 6:30 | Build | House |
| 6:38 | Queue | Villager (Male) |
| 6:59 | Queue | Villager (Male) |
| 7:33 | Queue | Villager (Male) |
| 8:10 | Queue | Villager (Male) |
| 8:11 | Queue | Villager (Male) |
| 8:11 | Queue | Villager (Male) |
| 8:11 | Queue | Villager (Male) |
| 8:20 | Queue | Villager (Male) |
| 8:20 | Queue | Villager (Male) |
| 8:21 | Queue | Villager (Male) |
| 9:33 | Build | House |
| 9:35 | Queue | Villager (Male) |
| 9:36 | Queue | Villager (Male) |
| 9:36 | Queue | Villager (Male) |
| 9:37 | Queue | Villager (Male) |
| 9:37 | Queue | Villager (Male) |
| 9:37 | Queue | Villager (Male) |
| 9:55 | Build | Mill |
| 10:15 | Build | Farm |
| 10:18 | Build | Farm |
| 10:49 | Build | Farm |
| 11:14 | Build | House |
| 11:32 | Queue | Villager (Male) |
| 11:47 | Queue | Villager (Male) |
| 11:59 | Queue | Villager (Male) |
| 12:32 | Research | Feudal Age |
| 12:37 | Build | Mining Camp |
| 12:45 | Queue | Villager (Male) |
| 12:47 | Research | Feudal Age |
| 13:40 | Build | Farm |
| 14:02 | Queue | Villager (Male) |
| 14:03 | Queue | Villager (Male) |
| 14:11 | Build | Barracks |
| 14:16 | Build | House |
| 15:30 | Age | Feudal Age |
| 15:32 | Build | Archery Range |
| 15:34 | Build | Blacksmith |
| 16:22 | Build | Lumber Camp |
| 16:27 | Research | Castle Age |
| 16:55 | Build | Archery Range |
| 16:58 | Queue | Archer |
| 17:09 | Research | Double-Bit Axe |
| 17:31 | Research | Horse Collar |
| 17:36 | Build | House |
| 17:49 | Queue | Villager (Male) |
| 17:52 | Queue | Archer |
| 18:04 | Build | Farm |
| 18:10 | Queue | Archer |
| 18:10 | Queue | Archer |
| 18:51 | Queue | Archer |
| 18:51 | Queue | Archer |
| 19:07 | Age | Castle Age |
| 19:12 | Research | Bow Saw |
| 19:14 | Build | Farm |
| 19:16 | Queue | Villager (Male) |
| 19:40 | Build | Farm |
| 19:41 | Queue | Archer |
| 19:41 | Queue | Archer |
| 19:42 | Queue | Villager (Male) |
| 19:47 | Research | Fletching |
| 20:07 | Build | Farm |
| 20:13 | Queue | Villager (Male) |
| 20:20 | Queue | Archer |
| 20:29 | Queue | Archer |
| 20:30 | Queue | Villager (Male) |
| 21:05 | Build | Town Center |
| 21:07 | Queue | Villager (Male) |
| 21:09 | Research | Bodkin Arrow |
| 21:10 | Queue | Villager (Male) |
| 21:14 | Build | Farm |
| 21:17 | Build | Farm |
| 21:22 | Build | Farm |
| 21:23 | Queue | Archer |
| 21:23 | Queue | Archer |
| 21:28 | Queue | Villager (Male) |
| 21:46 | Research | Crossbowman (upgrade) |
| 21:55 | Queue | Villager (Male) |
| 22:00 | Build | Farm |
| 22:02 | Build | Farm |
| 22:04 | Queue | Villager (Male) |
| 22:04 | Queue | Villager (Male) |
| 22:12 | Queue | Villager (Male) |
| 22:12 | Queue | Villager (Male) |
| 22:24 | Queue | Villager (Male) |
| 22:28 | Build | Farm |
| 22:30 | Build | Farm |
| 22:32 | Build | Farm |
| 22:52 | Queue | Villager (Male) |
| 22:52 | Queue | Villager (Male) |
| 23:02 | Queue | Archer |
| 23:02 | Queue | Archer |
| 23:02 | Queue | Archer |
| 23:20 | Queue | Archer |
| 23:20 | Queue | Archer |
| 23:27 | Queue | Villager (Male) |
| 23:32 | Research | Wheelbarrow |
| 23:37 | Queue | Archer |
| 23:37 | Queue | Archer |
| 23:38 | Queue | Villager (Male) |
| 23:48 | Build | Farm |
| 23:48 | Build | Farm |
| 23:48 | Build | Farm |
| 23:48 | Build | Farm |
| 23:54 | Queue | Archer |
| 23:55 | Queue | Archer |
| 24:02 | Queue | Villager (Male) |
| 24:05 | Build | Farm |
| 24:10 | Queue | Villager (Male) |
| 24:10 | Queue | Villager (Male) |
| 24:11 | Queue | Archer |
| 24:11 | Queue | Archer |
| 24:27 | Queue | Villager (Male) |
| 24:29 | Build | Farm |
| 24:34 | Build | Farm |
| 24:40 | Build | Farm |
| 24:41 | Queue | Villager (Male) |
| 24:45 | Queue | Archer |
| 24:45 | Queue | Archer |
| 24:54 | Build | House |
| 25:07 | Queue | Villager (Male) |
| 25:14 | Queue | Villager (Male) |
| 25:19 | Build | University |
| 25:21 | Build | House |
| 25:25 | Build | Farm |
| 25:26 | Queue | Villager (Male) |
| 25:40 | Queue | Villager (Male) |
| 25:46 | Queue | Archer |
| 25:46 | Queue | Archer |
Build order — toratoratora
2 actions detected in the replay
| 2:42 | Build | Town Center |
| 2:55 | Build | House |
Build order — The_Wanker
First 150 of 261 actions detected
| 0:29 | Build | Town Center |
| 0:58 | Build | Town Center |
| 3:19 | Queue | Villager (Male) |
| 3:20 | Queue | Villager (Male) |
| 3:20 | Queue | Villager (Male) |
| 3:20 | Queue | Villager (Male) |
| 4:12 | Research | Loom |
| 4:14 | Build | House |
| 4:34 | Queue | Villager (Male) |
| 4:34 | Queue | Villager (Male) |
| 4:35 | Queue | Villager (Male) |
| 4:50 | Build | House |
| 5:55 | Queue | Villager (Male) |
| 5:55 | Queue | Villager (Male) |
| 5:55 | Queue | Villager (Male) |
| 6:26 | Build | Mill |
| 6:53 | Queue | Villager (Male) |
| 6:53 | Queue | Villager (Male) |
| 6:53 | Queue | Villager (Male) |
| 6:53 | Queue | Villager (Male) |
| 7:29 | Queue | Villager (Male) |
| 7:29 | Queue | Villager (Male) |
| 8:09 | Build | House |
| 8:26 | Queue | Villager (Male) |
| 8:58 | Queue | Villager (Male) |
| 8:59 | Queue | Villager (Male) |
| 9:45 | Queue | Villager (Male) |
| 10:10 | Build | House |
| 10:15 | Queue | Villager (Male) |
| 10:16 | Queue | Villager (Male) |
| 10:44 | Build | House |
| 10:57 | Queue | Villager (Male) |
| 10:59 | Build | Mining Camp |
| 11:20 | Queue | Villager (Male) |
| 11:51 | Queue | Villager (Male) |
| 11:57 | Research | Feudal Age |
| 12:08 | Build | Lumber Camp |
| 12:16 | Queue | Villager (Male) |
| 12:31 | Build | Farm |
| 12:36 | Build | Farm |
| 12:44 | Queue | Villager (Male) |
| 13:20 | Research | Feudal Age |
| 13:21 | Research | Feudal Age |
| 13:24 | Build | Farm |
| 13:40 | Build | Barracks |
| 13:51 | Build | Farm |
| 14:04 | Build | Farm |
| 14:41 | Build | Farm |
| 15:30 | Queue | Villager (Male) |
| 15:30 | Queue | Villager (Male) |
| 15:30 | Age | Feudal Age |
| 15:36 | Build | Farm |
| 15:37 | Build | Farm |
| 15:41 | Build | Farm |
| 15:42 | Build | Farm |
| 15:44 | Build | Farm |
| 15:55 | Queue | Villager (Male) |
| 16:26 | Queue | Villager (Male) |
| 16:30 | Build | Market |
| 16:56 | Build | Blacksmith |
| 17:03 | Queue | Villager (Male) |
| 17:34 | Queue | Villager (Male) |
| 17:37 | Build | House |
| 18:09 | Build | Stable |
| 18:28 | Research | Castle Age |
| 18:42 | Build | Stable |
| 19:03 | Research | Double-Bit Axe |
| 19:03 | Research | Double-Bit Axe |
| 19:05 | Build | Farm |
| 19:11 | Build | Farm |
| 19:14 | Build | Farm |
| 19:39 | Build | Palisade Wall |
| 19:44 | Build | Palisade Gate |
| 19:48 | Build | Palisade Gate |
| 19:51 | Build | House |
| 19:56 | Queue | Spearman |
| 20:16 | Build | Farm |
| 20:17 | Build | Farm |
| 21:01 | Research | Scale Barding Armor |
| 21:02 | Research | Scale Barding Armor |
| 21:08 | Age | Castle Age |
| 21:10 | Queue | Knight |
| 21:10 | Queue | Knight |
| 21:11 | Queue | Knight |
| 21:17 | Queue | Villager (Male) |
| 21:17 | Queue | Villager (Male) |
| 21:23 | Build | Farm |
| 21:25 | Build | Farm |
| 21:36 | Queue | Knight |
| 21:36 | Queue | Knight |
| 21:44 | Research | Bow Saw |
| 21:53 | Build | Farm |
| 21:56 | Build | Farm |
| 22:00 | Build | Farm |
| 22:03 | Queue | Villager (Male) |
| 22:15 | Queue | Knight |
| 22:15 | Queue | Knight |
| 22:31 | Queue | Knight |
| 22:31 | Queue | Knight |
| 22:32 | Queue | Villager (Male) |
| 22:37 | Build | Palisade Wall |
| 22:49 | Build | House |
| 22:50 | Build | House |
| 22:59 | Queue | Knight |
| 22:59 | Queue | Knight |
| 23:26 | Queue | Villager (Male) |
| 23:30 | Queue | Knight |
| 23:52 | Queue | Knight |
| 23:52 | Queue | Knight |
| 23:52 | Queue | Knight |
| 23:53 | Queue | Villager (Male) |
| 23:54 | Queue | Villager (Male) |
| 23:55 | Queue | Villager (Male) |
| 24:12 | Queue | Villager (Male) |
| 24:23 | Queue | Knight |
| 24:23 | Queue | Knight |
| 24:24 | Queue | Villager (Male) |
| 24:36 | Build | House |
| 24:42 | Queue | Knight |
| 24:42 | Queue | Knight |
| 24:50 | Build | Mining Camp |
| 25:30 | Queue | Villager (Male) |
| 25:53 | Queue | Knight |
| 25:53 | Queue | Knight |
| 25:53 | Queue | Villager (Male) |
| 25:56 | Build | Farm |
| 26:06 | Queue | Knight |
| 26:07 | Queue | Knight |
| 26:14 | Queue | Villager (Male) |
| 26:17 | Build | House |
| 26:20 | Queue | Knight |
| 26:21 | Queue | Knight |
| 26:21 | Queue | Knight |
| 26:43 | Queue | Knight |
| 26:43 | Queue | Knight |
| 27:20 | Build | Castle |
| 27:54 | Queue | Villager (Male) |
| 27:57 | Research | Chain Barding Armor |
| 27:58 | Research | Chain Barding Armor |
| 28:12 | Queue | Knight |
| 28:12 | Queue | Villager (Male) |
| 28:29 | Queue | Knight |
| 28:30 | Queue | Knight |
| 28:30 | Queue | Villager (Male) |
| 28:30 | Queue | Villager (Male) |
| 28:36 | Build | Farm |
| 29:13 | Research | Bloodlines |
| 29:40 | Queue | Knight |
| 29:40 | Queue | Knight |
| 29:44 | Build | Farm |
Build order — ACI ShaN
First 150 of 198 actions detected
| 0:32 | Build | Town Center |
| 2:56 | Queue | Villager (Male) |
| 2:57 | Queue | Villager (Male) |
| 2:57 | Queue | Villager (Male) |
| 2:57 | Queue | Villager (Male) |
| 2:58 | Queue | Villager (Male) |
| 4:21 | Queue | Villager (Male) |
| 4:21 | Queue | Villager (Male) |
| 5:24 | Queue | Villager (Male) |
| 5:24 | Queue | Villager (Male) |
| 5:25 | Queue | Villager (Male) |
| 6:05 | Queue | Villager (Male) |
| 6:06 | Queue | Villager (Male) |
| 6:19 | Queue | Villager (Male) |
| 7:00 | Queue | Villager (Male) |
| 7:00 | Queue | Villager (Male) |
| 7:00 | Queue | Villager (Male) |
| 7:01 | Queue | Villager (Male) |
| 7:01 | Queue | Villager (Male) |
| 8:01 | Queue | Villager (Male) |
| 8:02 | Queue | Villager (Male) |
| 8:02 | Queue | Villager (Male) |
| 8:02 | Queue | Villager (Male) |
| 8:08 | Build | Mill |
| 8:21 | Queue | Villager (Male) |
| 8:54 | Queue | Villager (Male) |
| 8:54 | Queue | Villager (Male) |
| 9:22 | Build | Mining Camp |
| 10:52 | Research | Feudal Age |
| 11:35 | Build | Mill |
| 12:43 | Build | Mill |
| 12:50 | Queue | Villager (Male) |
| 13:02 | Age | Feudal Age |
| 13:04 | Research | Loom |
| 13:16 | Build | Blacksmith |
| 13:27 | Build | Market |
| 13:43 | Queue | Villager (Male) |
| 14:55 | Queue | Villager (Male) |
| 15:34 | Research | Castle Age |
| 16:16 | Build | Barracks |
| 16:44 | Build | Lumber Camp |
| 17:05 | Research | Fletching |
| 17:25 | Build | Archery Range |
| 17:37 | Research | Double-Bit Axe |
| 17:50 | Build | Archery Range |
| 18:07 | Queue | Villager (Male) |
| 18:14 | Age | Castle Age |
| 18:25 | Queue | Cavalry Archer |
| 18:29 | Queue | Cavalry Archer |
| 18:42 | Build | University |
| 18:53 | Queue | Cavalry Archer |
| 18:56 | Queue | Villager (Male) |
| 18:56 | Queue | Villager (Male) |
| 19:28 | Queue | Cavalry Archer |
| 19:28 | Queue | Cavalry Archer |
| 19:32 | Queue | Villager (Male) |
| 19:33 | Queue | Villager (Male) |
| 19:34 | Queue | Villager (Male) |
| 19:34 | Queue | Villager (Male) |
| 19:48 | Build | Town Center |
| 20:01 | Queue | Villager (Male) |
| 20:28 | Queue | Cavalry Archer |
| 20:40 | Queue | Villager (Male) |
| 20:46 | Queue | Villager (Male) |
| 20:47 | Queue | Villager (Male) |
| 21:45 | Queue | Cavalry Archer ×3 |
| 21:45 | Queue | Cavalry Archer ×3 |
| 22:13 | Build | Town Center |
| 22:16 | Build | Farm |
| 22:27 | Queue | Cavalry Archer |
| 22:27 | Queue | Cavalry Archer |
| 23:15 | Build | Monastery |
| 23:19 | Queue | Villager (Male) |
| 23:19 | Queue | Villager (Male) |
| 23:20 | Queue | Villager (Male) |
| 23:31 | Research | Ballistics |
| 23:33 | Queue | Villager (Male) |
| 23:51 | Build | Farm |
| 23:59 | Queue | Cavalry Archer |
| 23:59 | Queue | Cavalry Archer |
| 24:16 | Build | Farm |
| 24:19 | Queue | Monk |
| 24:58 | Build | Palisade Gate |
| 25:14 | Queue | Villager (Male) |
| 25:15 | Queue | Villager (Male) |
| 25:35 | Queue | Villager (Male) |
| 25:44 | Queue | Villager (Male) |
| 25:46 | Queue | Cavalry Archer ×5 |
| 25:46 | Queue | Cavalry Archer ×5 |
| 25:47 | Queue | Cavalry Archer |
| 26:38 | Queue | Villager (Male) |
| 26:40 | Queue | Cavalry Archer ×3 |
| 26:44 | Build | Farm |
| 26:44 | Build | Farm |
| 26:45 | Build | Farm |
| 26:45 | Build | Farm |
| 26:45 | Build | Farm |
| 26:53 | Queue | Villager (Male) |
| 27:29 | Queue | Villager (Male) |
| 27:30 | Queue | Villager (Male) |
| 27:31 | Queue | Villager (Male) |
| 27:38 | Build | Town Center |
| 28:05 | Queue | Villager (Male) |
| 28:08 | Queue | Cavalry Archer |
| 28:08 | Queue | Cavalry Archer |
| 28:15 | Queue | Villager (Male) |
| 28:20 | Queue | Cavalry Archer |
| 28:21 | Queue | Cavalry Archer |
| 28:48 | Queue | Villager (Male) |
| 28:59 | Build | Siege Workshop |
| 29:01 | Queue | Villager (Male) |
| 29:01 | Queue | Villager (Male) |
| 29:01 | Queue | Villager (Male) |
| 29:06 | Queue | Villager (Male) |
| 29:08 | Queue | Cavalry Archer |
| 29:08 | Queue | Cavalry Archer |
| 29:08 | Queue | Cavalry Archer |
| 29:16 | Research | Padded Archer Armor |
| 29:44 | Queue | Villager (Male) |
| 29:44 | Queue | Villager (Male) |
| 29:52 | Build | Farm |
| 29:52 | Build | Farm |
| 29:52 | Build | Farm |
| 29:53 | Build | Farm |
| 29:53 | Build | Farm |
| 29:59 | Research | Horse Collar |
| 29:59 | Research | Horse Collar |
| 30:19 | Queue | Villager (Male) |
| 30:39 | Queue | Villager (Male) |
| 30:39 | Queue | Villager (Male) |
| 30:52 | Build | Farm |
| 30:53 | Build | Farm |
| 30:53 | Build | Farm |
| 30:53 | Build | Farm |
| 30:55 | Queue | Villager (Male) |
| 30:55 | Queue | Villager (Male) |
| 30:59 | Queue | Cavalry Archer ×5 |
| 31:25 | Build | Town Center |
| 31:25 | Queue | Villager (Male) |
| 31:32 | Queue | Villager (Male) |
| 32:03 | Research | Bodkin Arrow |
| 32:22 | Queue | Battering Ram |
| 32:22 | Queue | Battering Ram |
| 32:22 | Queue | Battering Ram |
| 32:30 | Queue | Villager (Male) |
| 32:30 | Queue | Villager (Male) |
| 32:41 | Queue | Villager (Male) |
| 33:23 | Queue | Villager (Male) |
| 33:50 | Research | Wheelbarrow |
| 33:53 | Queue | Villager (Male) |
Build order — 阿尔特留斯
First 150 of 311 actions detected
| 0:26 | Build | Town Center |
| 2:27 | Queue | Villager (Male) |
| 2:28 | Queue | Villager (Male) |
| 2:33 | Queue | Villager (Male) |
| 2:33 | Queue | Villager (Male) |
| 2:33 | Queue | Villager (Male) |
| 2:33 | Queue | Villager (Male) |
| 2:34 | Queue | Villager (Male) |
| 2:34 | Queue | Villager (Male) |
| 2:58 | Build | House |
| 3:24 | Build | House |
| 4:10 | Queue | Villager (Male) |
| 4:11 | Queue | Villager (Male) |
| 4:11 | Queue | Villager (Male) |
| 4:58 | Queue | Villager (Male) |
| 4:58 | Queue | Villager (Male) |
| 4:58 | Queue | Villager (Male) |
| 5:18 | Build | Mill |
| 5:31 | Research | Loom |
| 5:31 | Research | Loom |
| 6:34 | Queue | Villager (Male) |
| 6:35 | Queue | Villager (Male) |
| 6:35 | Queue | Villager (Male) |
| 6:35 | Queue | Villager (Male) |
| 7:32 | Build | Farm |
| 7:49 | Queue | Villager (Male) |
| 7:49 | Queue | Villager (Male) |
| 7:50 | Queue | Villager (Male) |
| 8:17 | Queue | Villager (Male) |
| 8:18 | Queue | Villager (Male) |
| 8:18 | Queue | Villager (Male) |
| 8:18 | Queue | Villager (Male) |
| 8:40 | Build | House |
| 9:16 | Queue | Villager (Male) |
| 9:16 | Queue | Villager (Male) |
| 9:21 | Build | House |
| 9:25 | Queue | Villager (Male) |
| 9:25 | Queue | Villager (Male) |
| 9:29 | Build | Farm |
| 9:38 | Build | Barracks |
| 9:40 | Queue | Villager (Male) |
| 9:40 | Queue | Villager (Male) |
| 9:40 | Queue | Villager (Male) |
| 9:41 | Queue | Villager (Male) |
| 9:59 | Queue | Villager (Male) |
| 9:59 | Queue | Villager (Male) |
| 10:28 | Queue | Villager (Male) |
| 10:29 | Queue | Villager (Male) |
| 10:30 | Queue | Villager (Male) |
| 10:30 | Queue | Villager (Male) |
| 10:31 | Queue | Villager (Male) |
| 10:32 | Queue | Villager (Male) |
| 10:32 | Queue | Villager (Male) |
| 10:50 | Build | Farm |
| 11:02 | Queue | Villager (Male) |
| 11:02 | Queue | Villager (Male) |
| 11:56 | Queue | Villager (Male) |
| 12:15 | Build | Farm |
| 12:35 | Queue | Villager (Male) |
| 12:57 | Research | Feudal Age |
| 12:58 | Research | Feudal Age |
| 13:04 | Build | House |
| 14:06 | Build | House |
| 14:15 | Build | Lumber Camp |
| 14:24 | Build | Farm |
| 14:35 | Build | Mining Camp |
| 15:25 | Age | Feudal Age |
| 15:27 | Queue | Villager (Male) |
| 15:31 | Build | Market |
| 15:41 | Build | Stable |
| 15:48 | Queue | Villager (Male) |
| 16:03 | Queue | Villager (Male) |
| 16:29 | Build | House |
| 16:41 | Queue | Villager (Male) |
| 16:47 | Research | Double-Bit Axe |
| 16:47 | Research | Double-Bit Axe |
| 17:02 | Queue | Scout Cavalry |
| 17:13 | Research | Castle Age |
| 17:13 | Research | Castle Age |
| 17:13 | Research | Castle Age |
| 17:26 | Build | Farm |
| 17:28 | Build | Farm |
| 18:27 | Research | Horse Collar |
| 18:27 | Research | Horse Collar |
| 18:54 | Build | House |
| 18:55 | Build | House |
| 18:58 | Build | House |
| 19:25 | Research | Bloodlines |
| 19:25 | Research | Bloodlines |
| 19:26 | Research | Bloodlines |
| 19:33 | Build | Farm |
| 19:34 | Build | Farm |
| 19:50 | Queue | Villager (Male) |
| 19:53 | Age | Castle Age |
| 20:09 | Build | Farm |
| 20:10 | Queue | Villager (Male) |
| 20:18 | Build | Town Center |
| 20:23 | Queue | Villager (Male) |
| 20:28 | Queue | Villager (Male) |
| 20:41 | Queue | Knight |
| 20:42 | Queue | Knight |
| 20:43 | Queue | Knight |
| 21:01 | Build | House |
| 21:12 | Build | Palisade Gate |
| 21:18 | Queue | Villager (Male) |
| 21:20 | Queue | Villager (Male) |
| 21:22 | Research | Gold Mining |
| 21:22 | Research | Gold Mining |
| 21:24 | Research | Bow Saw |
| 21:25 | Research | Bow Saw |
| 21:39 | Build | Farm |
| 21:39 | Queue | Villager (Male) |
| 21:39 | Queue | Villager (Male) |
| 21:43 | Build | Farm |
| 21:47 | Build | Farm |
| 21:48 | Build | Farm |
| 21:54 | Build | House |
| 21:55 | Build | House |
| 21:59 | Queue | Knight |
| 22:14 | Queue | Villager (Male) |
| 22:14 | Queue | Villager (Male) |
| 22:32 | Queue | Knight |
| 23:26 | Queue | Knight |
| 23:26 | Queue | Knight |
| 23:39 | Build | Blacksmith |
| 23:40 | Queue | Villager (Male) |
| 23:40 | Queue | Villager (Male) |
| 23:50 | Queue | Villager (Male) |
| 23:50 | Queue | Villager (Male) |
| 23:59 | Queue | Knight |
| 24:07 | Build | Monastery |
| 24:11 | Queue | Knight |
| 24:23 | Research | Scale Barding Armor |
| 24:23 | Research | Scale Barding Armor |
| 24:26 | Build | Farm |
| 24:34 | Build | Farm |
| 24:35 | Build | Farm |
| 25:03 | Build | Siege Workshop |
| 25:07 | Queue | Monk |
| 25:09 | Queue | Villager (Male) |
| 25:09 | Queue | Villager (Male) |
| 25:38 | Queue | Mangonel |
| 25:45 | Research | Forging |
| 25:46 | Research | Forging |
| 25:46 | Research | Forging |
| 25:47 | Queue | Villager (Male) |
| 25:48 | Queue | Villager (Male) |
| 25:50 | Build | Farm |
| 25:51 | Build | Farm |
| 25:52 | Build | Farm |
Build order — Dadagama
First 150 of 290 actions detected
| 0:28 | Build | Town Center |
| 0:59 | Build | House |
| 3:03 | Queue | Villager (Male) ×5 |
| 3:03 | Queue | Villager (Male) ×5 |
| 3:58 | Build | House |
| 4:11 | Research | Loom |
| 4:13 | Build | House |
| 4:26 | Build | House |
| 4:32 | Build | House |
| 4:38 | Build | House |
| 6:17 | Queue | Villager (Male) |
| 6:17 | Queue | Villager (Male) |
| 6:28 | Build | House |
| 6:30 | Build | House |
| 6:31 | Build | House |
| 6:40 | Queue | Villager (Male) |
| 6:40 | Queue | Villager (Male) |
| 7:05 | Queue | Villager (Male) |
| 7:05 | Queue | Villager (Male) |
| 7:05 | Queue | Villager (Male) |
| 7:29 | Queue | Villager (Male) |
| 7:29 | Queue | Villager (Male) |
| 7:45 | Build | Lumber Camp |
| 7:59 | Queue | Villager (Male) |
| 7:59 | Queue | Villager (Male) |
| 8:00 | Queue | Villager (Male) |
| 8:04 | Build | House |
| 8:14 | Queue | Villager (Male) |
| 8:14 | Queue | Villager (Male) |
| 8:20 | Build | House |
| 8:37 | Queue | Villager (Male) |
| 9:04 | Build | Mill |
| 9:10 | Queue | Villager (Male) |
| 9:11 | Queue | Villager (Male) |
| 9:37 | Queue | Villager (Male) |
| 9:37 | Queue | Villager (Male) |
| 9:40 | Build | House |
| 9:42 | Build | House |
| 10:06 | Build | House |
| 10:32 | Build | House |
| 10:45 | Queue | Villager (Male) |
| 11:12 | Queue | Villager (Male) |
| 11:33 | Build | Mill |
| 11:52 | Queue | Villager (Male) |
| 12:14 | Queue | Villager (Male) |
| 12:37 | Research | Feudal Age |
| 12:53 | Build | Mining Camp |
| 12:58 | Queue | Villager (Male) |
| 12:59 | Queue | Villager (Male) |
| 13:15 | Queue | Villager (Male) |
| 13:15 | Queue | Villager (Male) |
| 13:55 | Build | Barracks |
| 13:57 | Build | House |
| 13:59 | Queue | Villager (Male) |
| 13:59 | Queue | Villager (Male) |
| 14:09 | Build | House |
| 14:10 | Build | House |
| 14:44 | Age | Feudal Age |
| 14:56 | Research | Double-Bit Axe |
| 15:08 | Build | Stable |
| 15:48 | Build | Blacksmith |
| 16:08 | Queue | Villager (Male) |
| 16:08 | Queue | Villager (Male) |
| 16:35 | Queue | Villager (Male) |
| 16:35 | Queue | Villager (Male) |
| 17:00 | Build | Market |
| 17:26 | Research | Horse Collar |
| 17:29 | Build | Farm |
| 17:32 | Build | Farm |
| 17:34 | Build | Farm |
| 17:50 | Queue | Villager (Male) |
| 17:54 | Build | House |
| 18:02 | Build | Farm |
| 18:09 | Build | Farm |
| 18:11 | Research | Castle Age |
| 18:49 | Build | Mill |
| 19:05 | Build | Stable |
| 19:31 | Research | Gold Mining |
| 19:40 | Queue | Villager (Male) |
| 19:40 | Queue | Villager (Male) |
| 19:54 | Build | House |
| 20:42 | Queue | Villager (Male) |
| 20:42 | Queue | Villager (Male) |
| 20:57 | Age | Castle Age |
| 20:59 | Build | Town Center |
| 21:24 | Build | Town Center |
| 21:27 | Queue | Villager (Male) |
| 22:15 | Queue | Villager (Male) |
| 22:30 | Queue | Villager (Male) ×5 |
| 22:49 | Build | Town Center |
| 23:04 | Build | House |
| 23:06 | Build | House |
| 23:07 | Build | House |
| 23:11 | Queue | Villager (Male) |
| 23:12 | Queue | Villager (Male) |
| 23:40 | Queue | Villager (Male) |
| 23:54 | Queue | Villager (Male) |
| 23:57 | Research | Heavy Plow |
| 23:59 | Research | Bow Saw |
| 24:01 | Queue | Villager (Male) ×3 |
| 24:06 | Research | Wheelbarrow |
| 24:07 | Queue | Villager (Male) |
| 24:13 | Queue | Villager (Male) |
| 24:14 | Queue | Villager (Male) |
| 24:29 | Queue | Villager (Male) ×2 |
| 24:37 | Build | Farm |
| 24:39 | Build | Farm |
| 24:40 | Queue | Villager (Male) ×2 |
| 24:42 | Build | Farm |
| 24:45 | Queue | Villager (Male) |
| 24:48 | Build | Farm |
| 24:50 | Queue | Villager (Male) |
| 24:58 | Queue | Villager (Male) |
| 25:06 | Build | Farm |
| 25:08 | Build | Farm |
| 25:10 | Build | Farm |
| 25:12 | Queue | Villager (Male) |
| 25:15 | Build | Farm |
| 25:18 | Build | Farm |
| 25:21 | Queue | Villager (Male) |
| 25:24 | Build | Farm |
| 25:34 | Build | Farm |
| 25:39 | Queue | Villager (Male) ×3 |
| 25:50 | Queue | Villager (Male) |
| 25:58 | Queue | Villager (Male) |
| 26:02 | Build | House |
| 26:03 | Build | House |
| 26:04 | Build | House |
| 26:08 | Queue | Villager (Male) ×2 |
| 26:17 | Queue | Villager (Male) |
| 26:23 | Build | Farm |
| 26:25 | Build | Farm |
| 26:27 | Build | Farm |
| 26:35 | Build | Farm |
| 26:37 | Build | Farm |
| 26:40 | Build | Farm |
| 26:43 | Build | Farm |
| 26:48 | Queue | Villager (Male) ×4 |
| 26:53 | Build | Farm |
| 26:57 | Build | Farm |
| 27:07 | Build | Mining Camp |
| 27:09 | Queue | Villager (Male) ×5 |
| 27:13 | Build | Farm |
| 27:16 | Build | Farm |
| 27:18 | Build | Farm |
| 27:21 | Build | Farm |
| 27:23 | Queue | Villager (Male) ×2 |
| 27:30 | Queue | Villager (Male) ×3 |
| 27:31 | Build | House |
| 27:32 | Build | House |
Build order — 凯里小风风
First 150 of 381 actions detected
| 0:46 | Build | Town Center |
| 2:41 | Build | House |
| 2:47 | Queue | Villager (Male) |
| 2:48 | Research | Loom |
| 3:10 | Queue | Villager (Male) |
| 3:10 | Queue | Villager (Male) |
| 3:10 | Queue | Villager (Male) |
| 4:28 | Queue | Villager (Male) |
| 4:41 | Build | Mill |
| 4:56 | Queue | Villager (Male) |
| 4:57 | Queue | Villager (Male) |
| 5:15 | Build | House |
| 5:33 | Queue | Villager (Male) |
| 5:34 | Queue | Villager (Male) |
| 6:10 | Queue | Villager (Male) |
| 6:10 | Queue | Villager (Male) |
| 6:15 | Build | House |
| 6:24 | Queue | Villager (Male) |
| 6:25 | Queue | Villager (Male) |
| 6:28 | Queue | Villager (Male) |
| 6:29 | Queue | Villager (Male) |
| 7:09 | Queue | Villager (Male) |
| 7:20 | Queue | Villager (Male) |
| 7:20 | Queue | Villager (Male) |
| 7:46 | Queue | Villager (Male) |
| 8:12 | Build | House |
| 8:19 | Queue | Villager (Male) |
| 8:40 | Queue | Villager (Male) |
| 9:00 | Build | House |
| 9:04 | Queue | Villager (Male) |
| 9:09 | Build | Farm |
| 9:27 | Build | Farm |
| 9:44 | Queue | Villager (Male) |
| 10:03 | Queue | Villager (Male) |
| 10:15 | Build | Mining Camp |
| 10:28 | Queue | Villager (Male) |
| 10:50 | Build | Lumber Camp |
| 10:56 | Queue | Villager (Male) |
| 11:03 | Build | Farm |
| 11:34 | Research | Feudal Age |
| 11:44 | Build | Farm |
| 11:57 | Build | Farm |
| 12:16 | Build | Farm |
| 12:48 | Build | Farm |
| 13:14 | Build | Farm |
| 13:45 | Age | Feudal Age |
| 13:47 | Queue | Villager (Male) |
| 13:52 | Build | Market |
| 13:56 | Queue | Villager (Male) |
| 14:18 | Build | Blacksmith |
| 14:27 | Queue | Villager (Male) |
| 14:49 | Build | House |
| 15:05 | Queue | Villager (Male) |
| 15:23 | Build | Farm |
| 15:24 | Build | Farm |
| 15:27 | Build | Farm |
| 16:01 | Research | Castle Age |
| 16:28 | Research | Double-Bit Axe |
| 16:54 | Research | Horse Collar |
| 17:03 | Build | Farm |
| 17:23 | Research | Gold Mining |
| 18:40 | Queue | Villager (Male) |
| 18:41 | Age | Castle Age |
| 18:41 | Queue | Villager (Male) |
| 18:44 | Build | Town Center |
| 18:47 | Queue | Villager (Male) |
| 18:51 | Build | Town Center |
| 19:00 | Research | Bow Saw |
| 19:15 | Build | Farm |
| 19:18 | Build | Farm |
| 19:30 | Research | Stone Mining |
| 19:39 | Queue | Villager (Male) |
| 20:09 | Queue | Villager (Male) |
| 20:11 | Build | House |
| 20:14 | Build | Monastery |
| 20:23 | Queue | Villager (Male) |
| 20:25 | Build | Farm |
| 20:28 | Queue | Villager (Male) |
| 20:32 | Queue | Villager (Male) |
| 20:32 | Queue | Villager (Male) |
| 20:48 | Queue | Villager (Male) |
| 21:03 | Build | Farm |
| 21:04 | Build | Farm |
| 21:06 | Build | Farm |
| 21:08 | Queue | Villager (Male) |
| 21:12 | Queue | Villager (Male) |
| 21:15 | Build | Farm |
| 21:20 | Build | House |
| 21:21 | Build | House |
| 21:24 | Queue | Villager (Male) |
| 21:40 | Queue | Monk |
| 21:48 | Queue | Villager (Male) |
| 21:50 | Build | Farm |
| 21:51 | Build | Farm |
| 21:53 | Queue | Villager (Male) |
| 22:03 | Queue | Villager (Male) |
| 22:17 | Build | Farm |
| 22:18 | Build | Farm |
| 22:19 | Build | Farm |
| 22:21 | Queue | Villager (Male) |
| 22:23 | Queue | Villager (Male) |
| 22:31 | Queue | Villager (Male) |
| 22:33 | Queue | Villager (Male) |
| 22:35 | Build | Farm |
| 22:40 | Queue | Villager (Male) |
| 22:43 | Queue | Villager (Male) |
| 22:48 | Queue | Villager (Male) |
| 22:50 | Queue | Villager (Male) |
| 23:05 | Queue | Villager (Male) |
| 23:19 | Queue | Villager (Male) |
| 23:23 | Queue | Villager (Male) |
| 23:26 | Build | Farm |
| 23:28 | Build | Farm |
| 23:29 | Build | Farm |
| 23:32 | Queue | Villager (Male) |
| 23:34 | Build | Farm |
| 23:37 | Queue | Villager (Male) |
| 23:40 | Queue | Villager (Male) |
| 23:50 | Queue | Villager (Male) |
| 23:58 | Build | House |
| 24:00 | Build | House |
| 24:17 | Queue | Villager (Male) |
| 24:19 | Queue | Villager (Male) |
| 24:23 | Queue | Villager (Male) |
| 24:28 | Build | House |
| 24:29 | Build | House |
| 24:32 | Build | University |
| 24:43 | Build | House |
| 24:55 | Build | House |
| 25:00 | Queue | Villager (Male) |
| 25:03 | Queue | Villager (Male) |
| 25:05 | Build | Mining Camp |
| 25:09 | Queue | Villager (Male) |
| 25:10 | Build | Farm |
| 25:13 | Research | Wheelbarrow |
| 25:25 | Build | Farm |
| 25:27 | Build | Farm |
| 25:28 | Build | Farm |
| 25:30 | Queue | Villager (Male) |
| 25:32 | Queue | Villager (Male) |
| 25:33 | Build | Farm |
| 25:47 | Build | House |
| 25:58 | Queue | Villager (Male) |
| 26:00 | Queue | Villager (Male) |
| 26:02 | Queue | Villager (Male) |
| 26:05 | Build | Lumber Camp |
| 26:19 | Queue | Villager (Male) |
| 26:23 | Build | House |
| 26:27 | Queue | Villager (Male) |
| 26:29 | Queue | Villager (Male) |
Build order — Codiman
First 150 of 322 actions detected
| 0:15 | Build | Town Center |
| 2:41 | Queue | Villager (Male) |
| 2:42 | Queue | Villager (Male) |
| 2:42 | Queue | Villager (Male) |
| 2:46 | Queue | Villager (Male) |
| 2:46 | Queue | Villager (Male) |
| 3:37 | Build | House |
| 3:40 | Research | Loom |
| 3:43 | Queue | Villager (Male) |
| 3:47 | Queue | Villager (Male) |
| 3:48 | Queue | Villager (Male) |
| 4:55 | Build | Mill |
| 6:17 | Queue | Villager (Male) |
| 6:33 | Build | House |
| 6:50 | Queue | Villager (Male) |
| 6:50 | Queue | Villager (Male) |
| 7:18 | Queue | Villager (Male) |
| 7:18 | Queue | Villager (Male) |
| 7:27 | Queue | Villager (Male) |
| 7:27 | Queue | Villager (Male) |
| 7:34 | Queue | Villager (Male) |
| 7:49 | Build | Mill |
| 8:30 | Queue | Villager (Male) |
| 8:31 | Queue | Villager (Male) |
| 8:31 | Queue | Villager (Male) |
| 8:37 | Queue | Villager (Male) |
| 8:37 | Queue | Villager (Male) |
| 8:49 | Build | House |
| 8:51 | Build | House |
| 9:01 | Build | House |
| 9:19 | Queue | Villager (Male) |
| 9:19 | Queue | Villager (Male) |
| 9:19 | Queue | Villager (Male) |
| 9:19 | Queue | Villager (Male) |
| 9:22 | Build | House |
| 9:47 | Build | House |
| 9:51 | Build | House |
| 10:06 | Queue | Villager (Male) |
| 10:06 | Queue | Villager (Male) |
| 10:31 | Queue | Villager (Male) |
| 10:31 | Queue | Villager (Male) |
| 11:24 | Queue | Villager (Male) |
| 11:24 | Queue | Villager (Male) |
| 11:25 | Queue | Villager (Male) |
| 11:49 | Queue | Villager (Male) |
| 11:49 | Queue | Villager (Male) |
| 11:49 | Queue | Villager (Male) |
| 12:16 | Build | Lumber Camp |
| 12:49 | Queue | Villager (Male) |
| 13:08 | Build | Farm |
| 13:14 | Build | Farm |
| 13:22 | Build | Farm |
| 13:42 | Research | Feudal Age |
| 13:47 | Build | Mining Camp |
| 14:03 | Queue | Villager (Male) |
| 14:03 | Queue | Villager (Male) |
| 14:23 | Build | Palisade Wall |
| 14:34 | Build | Palisade Wall |
| 15:09 | Build | Palisade Wall |
| 16:08 | Age | Feudal Age |
| 16:12 | Build | Blacksmith |
| 16:18 | Build | House |
| 16:24 | Build | Barracks |
| 16:29 | Queue | Villager (Male) |
| 16:34 | Build | House |
| 17:17 | Queue | Villager (Male) |
| 18:06 | Build | Stable |
| 18:33 | Queue | Villager (Male) |
| 18:55 | Build | Farm |
| 18:57 | Build | Farm |
| 19:11 | Research | Castle Age |
| 19:11 | Research | Castle Age |
| 19:35 | Build | Farm |
| 19:35 | Build | Farm |
| 19:36 | Build | Farm |
| 19:43 | Build | Farm |
| 19:56 | Build | Farm |
| 20:00 | Build | Farm |
| 20:12 | Queue | Villager (Male) |
| 20:51 | Build | Stable |
| 21:51 | Age | Castle Age |
| 21:54 | Queue | Knight |
| 21:54 | Queue | Knight |
| 21:54 | Queue | Knight |
| 21:55 | Queue | Knight |
| 22:42 | Queue | Villager (Male) |
| 23:06 | Build | Town Center |
| 23:20 | Queue | Villager (Male) |
| 23:20 | Queue | Villager (Male) |
| 23:20 | Queue | Villager (Male) |
| 23:52 | Build | Castle |
| 24:03 | Queue | Knight |
| 24:03 | Queue | Knight |
| 24:04 | Queue | Knight |
| 24:04 | Queue | Knight |
| 24:21 | Queue | Villager (Male) |
| 24:22 | Queue | Villager (Male) |
| 24:28 | Build | Farm |
| 24:28 | Build | Farm |
| 24:28 | Build | Farm |
| 24:28 | Build | Farm |
| 24:29 | Build | Farm |
| 25:18 | Queue | Villager (Male) |
| 25:19 | Queue | Villager (Male) |
| 25:19 | Queue | Villager (Male) |
| 25:26 | Build | Farm |
| 25:26 | Build | Farm |
| 25:26 | Build | Farm |
| 25:27 | Build | Farm |
| 25:27 | Build | Farm |
| 25:27 | Build | Farm |
| 25:27 | Build | Farm |
| 25:28 | Build | Farm |
| 25:28 | Build | Farm |
| 25:28 | Build | Farm |
| 25:30 | Queue | Villager (Male) |
| 25:30 | Queue | Villager (Male) |
| 25:41 | Queue | Knight |
| 25:41 | Queue | Knight |
| 25:59 | Research | Fletching |
| 26:00 | Research | Fletching |
| 26:00 | Research | Fletching |
| 26:24 | Queue | Villager (Male) |
| 26:54 | Queue | Villager (Male) |
| 26:54 | Queue | Villager (Male) |
| 26:54 | Queue | Villager (Male) |
| 26:55 | Queue | Villager (Male) |
| 27:15 | Build | Town Center |
| 27:18 | Queue | Villager (Male) |
| 27:18 | Queue | Villager (Male) |
| 27:19 | Queue | Villager (Male) |
| 27:30 | Build | Watch Tower |
| 27:36 | Queue | Villager (Male) |
| 27:36 | Queue | Villager (Male) |
| 27:36 | Queue | Villager (Male) |
| 27:37 | Queue | Villager (Male) |
| 27:42 | Build | Lumber Camp |
| 27:45 | Queue | Villager (Male) |
| 27:46 | Queue | Villager (Male) |
| 27:58 | Queue | Villager (Male) |
| 28:08 | Queue | Villager (Male) |
| 28:08 | Queue | Villager (Male) |
| 28:30 | Queue | Villager (Male) |
| 28:30 | Queue | Villager (Male) |
| 28:31 | Queue | Villager (Male) |
| 28:39 | Queue | Villager (Male) |
| 28:39 | Queue | Villager (Male) |
| 28:51 | Build | Town Center |
| 28:55 | Queue | Villager (Male) |
| 28:55 | Queue | Villager (Male) |
Match timeline
| 9:38 | 阿尔特留斯 · first_building Barracks |
| 13:02 | ACI ShaN · age_up feudal |
| 13:40 | The_Wanker · first_building Barracks |
| 13:45 | 凯里小风风 · age_up feudal |
| 13:55 | Dadagama · first_building Barracks |
| 14:11 | .Bast · first_building Barracks |
| 14:23 | Codiman · wall_segment Palisade Wall x1 |
| 14:34 | Codiman · wall_segment Palisade Wall x1 |
| 14:44 | Dadagama · age_up feudal |
| 15:08 | Dadagama · first_building Stable |
| 15:09 | Codiman · wall_segment Palisade Wall x1 |
| 15:25 | 阿尔特留斯 · age_up feudal |
| 15:30 | .Bast · age_up feudal |
| 15:30 | The_Wanker · age_up feudal |
| 15:32 | .Bast · first_building Archery Range |
| 15:41 | 阿尔特留斯 · first_building Stable |
| 16:08 | Codiman · age_up feudal |
| 16:16 | ACI ShaN · first_building Barracks |
| 16:24 | Codiman · first_building Barracks |
| 17:25 | ACI ShaN · first_building Archery Range |
| 17:52 | The_Wanker · first_market_sell 100 wood |
| 17:59 | The_Wanker · first_market_buy 100 food |
| 18:06 | Codiman · first_building Stable |
| 18:09 | The_Wanker · first_building Stable |
| 18:14 | ACI ShaN · age_up castle |
| 18:41 | 凯里小风风 · age_up castle |
| 19:07 | .Bast · age_up castle |
| 19:39 | The_Wanker · wall_segment Palisade Wall x1 |
| 19:53 | 阿尔特留斯 · age_up castle |
| 20:14 | 凯里小风风 · first_building Monastery |
| 20:57 | Dadagama · age_up castle |
| 21:08 | The_Wanker · age_up castle |
| 21:45 | Dadagama · first_market_buy 100 stone |
| 21:51 | Codiman · age_up castle |
| 22:37 | The_Wanker · wall_segment Palisade Wall x1 |
| 22:38 | ACI ShaN · first_market_sell 100 wood |
| 22:40 | ACI ShaN · first_market_buy 100 food |
| 23:15 | ACI ShaN · first_building Monastery |
| 23:52 | Codiman · first_building Castle |
| 24:07 | 阿尔特留斯 · first_building Monastery |
| 25:03 | 阿尔特留斯 · first_building Siege Workshop |
| 26:57 | 凯里小风风 · first_building Castle |
| 27:20 | The_Wanker · first_building Castle |
| 28:28 | .Bast · wall_segment Stone Wall x20 |
| 28:59 | ACI ShaN · first_building Siege Workshop |
| 29:15 | .Bast · first_building Castle |
| 29:19 | Dadagama · first_building Monastery |
| 29:36 | 凯里小风风 · first_building Barracks |
| 29:47 | Dadagama · first_building Castle |
| 30:43 | 凯里小风风 · first_building Archery Range |
| 30:57 | .Bast · wall_segment Stone Wall x1 |
| 31:18 | 凯里小风风 · first_market_sell 100 food |
| 31:19 | .Bast · wall_segment Stone Wall x4 |
| 31:22 | 凯里小风风 · first_market_buy 100 stone |
| 31:28 | The_Wanker · first_building Monastery |
| 31:34 | .Bast · wall_segment Stone Wall x6 |
| 31:37 | 凯里小风风 · age_up imperial |
| 33:33 | Dadagama · age_up imperial |
| 33:47 | .Bast · age_up imperial |
| 34:57 | .Bast · wall_segment Stone Wall x5 |
| 34:59 | 阿尔特留斯 · first_building Castle |
| 35:11 | Dadagama · first_market_sell 500 stone |
| 36:38 | .Bast · first_market_buy 100 food |
| 38:16 | .Bast · wall_segment Stone Wall x1 |
| 39:55 | .Bast · first_market_sell 100 stone |
| 40:26 | Codiman · age_up imperial |
| 40:35 | 阿尔特留斯 · age_up imperial |
| 40:43 | 凯里小风风 · resign |
[ AI ANALYSIS · 1 CREDIT ]
What really happened in this match?
Wolo.gg analyzes every decision: build order, eco, micro, common mistakes by bracket. Personalized analysis on WhatsApp or Discord in 30 seconds.
Civ guide
Britons
Perfil
Jugador #11719681